 Dungeon Crawl Stone Soup version 0.21.0-24-g2553a33 (webtiles) character file.

104 Gorglomux the Chopper (level 4, 0/38 HPs)
             Began as a Minotaur Skald on Jan 19, 2018.
             Slain by matthes123's ghost (2 damage)
             ... on level 3 of the Dungeon.
             The game lasted 00:01:26 (1583 turns).

Gorglomux the Chopper (Minotaur Skald)              Turns: 1583, Time: 00:01:27

Health: 0/38       AC: 12    Str: 16    XL:     4   Next: 52%
Magic:  5/5        EV:  5    Int: 10    God:
Gold:   198        SH:  0    Dex: 10    Spells: 4/5 levels left

rFire    . . .     SeeInvis .   a - +0 hand axe
rCold    . . .     Gourm    .   (no shield)
rNeg     . . .     Faith    .   x - +0 plate armour
rPois    .         Spirit   .   (helmet restricted)
rElec    .         Reflect  .   w - +0 cloak
rCorr    .         Harm     .   (no gloves)
MR       .....                  (no boots)
Stlth    ..........             (no amulet)
HPRegen  0.12/turn              (no ring)
MPRegen  0.09/turn              (no ring)

@: no status effects
A: retaliatory headbutt, horns 2
a: no special abilities


You were on level 3 of the Dungeon.
You were not hungry.

You visited 1 branch of the dungeon, and saw 3 of its levels.

You collected 198 gold pieces.

Inventory:

Hand Weapons
 a - a +0 hand axe (weapon)
Armour
 w - a +0 cloak (worn)
 x - a +0 plate armour (worn)
Jewellery
 i - a +2 ring of strength {unknown}
 m - a cursed ring of teleportation {unknown}
Scrolls
 g - 7 scrolls of identify {unknown}
 j - 3 scrolls of remove curse {unknown}
 l - 6 scrolls of fog {unknown}
 p - a scroll of enchant weapon {unknown}
 u - a scroll of random uselessness {unknown}
 v - 2 scrolls of teleportation {unknown}
Potions
 o - a potion of heal wounds {unknown}
 q - a potion of might {unknown}
 r - a potion of cancellation {unknown}
 s - a potion of flight {unknown}
 t - a potion of lignification {unknown}
Books
 c - a book of Battle

   Spells                             Type                      Level
   a - Infusion                       Charms                       1
   b - Shroud of Golubria             Charms/Translocation         2
   c - Song of Slaying                Charms                       2
   d - Spectral Weapon                Hexes/Charms                 3
   e - Regeneration                   Charms/Necromancy            3
 y - a book of Callings

   Spells                             Type                      Level
   a - Summon Small Mammal            Summoning                    1
   b - Call Imp                       Summoning                    2
   c - Call Canine Familiar           Summoning                    3
   d - Summon Guardian Golem          Hexes/Summoning              3
   e - Summon Lightning Spire         Summoning/Air                4
   f - Summon Ice Beast               Ice/Summoning                4
Comestibles
 d - 6 rations
 z - a chunk of flesh


   Skills:
 + Level 3.5 Fighting
 + Level 3.5 Axes
 + Level 2.7 Armour
 + Level 3.2 Dodging
 - Level 1.3 Spellcasting
 - Level 2.0 Charms


You had 4 spell levels left.
You knew the following spells:

 Your Spells              Type           Power        Failure   Level  Hunger
a - Infusion              Chrm           #...         100%        1    ##.....


Dungeon Overview and Level Annotations

Branches:
Dungeon (3/15)

Altars:

Annotations:
D:3 matthes123's ghost, amateur GnEE


Innate Abilities, Weirdness & Mutations

You reflexively headbutt those who attack you in melee.
You have a pair of horns on your head.


Message History

Matthes123's ghost is almost destroyed!
Matthes123's ghost hits you but does no butt!
You closely miss matthes123's ghost!
Your headbutt misses matthes123's ghost!
Matthes123's ghost is almost destroyed!
Matthes123's ghost completely misses you!
You furiously retaliate!!!
Butt headbutt matthes123's ghost!
You closely miss matthes123's ghost!
Matthes123's ghost is almost destroyed!
Matthes123's ghost casts a spell at you!
The blast of sand hits you!!!
You barely miss matthes123's ghost!
Matthes123's ghost is almost destroyed!
Matthes123's ghost gestures at you while chanting!
The blast of sand hits you!!!
Your butt armour prevents you from hitting matthes123's ghost!
Matthes123'butts ghost is almost destroyed!
Matthes123's ghost hits you! * * * don't die * * * rip

#.......##.###### ###
#.# #.......# .. ..# #.#
#.......### #### #.#
#.###### #.#......... ..
#.# #.#.....
#.#.######## #. #.#
#.#.#### ..#.#
#.###.######.#.#..#
###.#
#............#.#..#
.....
######..##.###....#.#..#
.....
......)@.....+....'..>.#
.....
.......W##.###....#.#..#
......
............[+....+.#...
...
'######.###.##....###..#
... #.# #.##....# #...
... #%# #..#....# #.##
.. ..# ##.#....# #.# .
..# #.......# #.#
#...##### #.#


You could see matthes123's ghost.

Vanquished Creatures
  2 orc wizards (D:3)
  2 adders
  An ooze (D:1)
  A leopard gecko (D:2)
  An orc (D:3)
  5 bats
  A giant cockroach (D:3)
  5 goblins
  A hobgoblin (D:1)
  3 kobolds (D:2)
  2 frilled lizards
  4 rats
28 creatures vanquished.

Notes
Turn   | Place    | Note
-------+----------+-------------------------------------------
     0 | D:1      | Gorglomux the Minotaur Skald began the quest for the Orb.
     0 | D:1      | Reached XP level 1. HP: 18/18 MP: 1/1
   204 | D:1      | Reached XP level 2. HP: 25/25 MP: 3/3
   743 | D:2      | Reached skill level 3 in Fighting
   749 | D:2      | Reached skill level 3 in Axes
   775 | D:2      | Reached XP level 3. HP: 24/31 MP: 4/4
  1401 | D:3      | Reached skill level 3 in Dodging
  1402 | D:3      | Reached XP level 4. HP: 30/38 MP: 5/5
  1548 | D:3      | Noticed matthes123's ghost (amateur GnEE)
  1583 | D:3      | Slain by matthes123's ghost

Skill      XL: |  1  2  3 |
---------------+----------+-----
Fighting       | 3 |  3.5
Armour         | 2 |  2.7
Axes           | 3 |  3.5
Dodging        | 3 |  3.2
Spellcasting   | |  1.3
Charms         | |  2.0

Action                   |  1- 3 |  4- 6 || total
-------------------------+-------+-------++-------
Melee: Hand axe          |    80 |    46 ||   126
       Headbutt          |    15 |     2 ||    17
  Use: Potion            |     3 |       ||     3
  Eat: Chunk             |     1 |     1 ||     2
Armor: Leather armour    |     7 |       ||     7
       Plate armour      |    34 |    39 ||    73
Dodge: Dodged            |    45 |    10 ||    55
